cohdb
Replays
Latest Replays
All Replays
Popular Replays
Top Player Replays
Match Explorer
How It Works
Community
CoH3 Stats
Reddit
Sign in to upload your games and track your stats! →
Sign in with Steam
Match 44803605
Unlisted
Match 44803605
Overview
Messages
Build Orders
End
Construct Barracks
Riflemen Squad
M1 Mortar Team
Riflemen Squad
Construct Medical Station
Riflemen Squad
Engineer Squad
Air Support Center
Grasshopper Recon Run
P-47 Dive Bomb
P-47 Strafing Run
Construct Tank Depot
Selects Armored Battlegroup
Selects Fast Deploy
Selects Seek and Destroy
M4A1 Sherman Medium Tank
Darth Fader
matrix4x4
igor_dsp
brkr1p7on
DrEvil85
Theblacksimba
Papa Chez
Torment
0
0
Comments
sign in to comment!
No comments posted yet!